 Dungeon Crawl Stone Soup version 0.19.5 (webtiles) character file.

572 McKennaii the Magician (level 7, -1/36 HPs)
             Began as a Deep Elf Fire Elementalist on May 7, 2017.
             Was a Follower of Vehumet.
             Slain by a worker ant (4 damage)
             ... on level 5 of the Dungeon.
             The game lasted 00:08:13 (2916 turns).

McKennaii the Magician (Deep Elf Fire Elementalist) Turns: 2916, Time: 00:08:13

Health: -1/36      AC:  5    Str:  5    XL:     7   Next: 12%
Magic:  17/18      EV: 13    Int: 22    God:    Vehumet [*.....]
Gold:   186        SH:  0    Dex: 15    Spells: 6 memorised, 0 levels left

rFire  . . .     SeeInvis .     (no weapon)
rCold  . . .     Gourm    .     a - +0 robe
rNeg   . . .     Faith    .     (no shield)
rPois  .         Spirit   .     (no helmet)
rElec  .         Reflect  .     (no cloak)
rCorr  .         Harm     +     p - +1 pair of gloves
MR     .....                    (no boots)
Stlth  ++........               n - amulet of harm
                                (no ring)
                                o - +1 ring of protection

@: no status effects
A: no striking features
a: Renounce Religion


You were on level 5 of the Dungeon.
You worshipped Vehumet.
Vehumet was aware of your devotion.
You were not hungry.

You visited 1 branch of the dungeon, and saw 5 of its levels.

You collected 186 gold pieces.

Inventory:

Armour
 a - a +0 robe (worn)
 p - a +1 pair of gloves (worn)
Jewellery
 n - an amulet of harm (around neck)
 o - a +1 ring of protection (left hand)
 r - an uncursed ring of wizardry {unknown}
Scrolls
 d - a scroll of blinking {unknown}
 g - 4 scrolls of identify {unknown}
 j - 3 scrolls of remove curse {unknown}
 k - a scroll of amnesia {unknown}
 s - a scroll of teleportation {unknown}
Potions
 e - a potion of heal wounds {unknown}
 f - a potion of resistance {unknown}
 h - 2 potions of magic {unknown}
 i - 4 potions of curing {unknown}
 l - a potion of brilliance {unknown}
 m - a potion of might {unknown}
 t - a potion of flight {unknown}
Books
 b - a book of Flames

   Spells                             Type                      Level
   a - Flame Tongue                   Conjuration/Fire             1
   b - Throw Flame                    Conjuration/Fire             2
   c - Conjure Flame                  Conjuration/Fire             3
   d - Inner Flame                    Hexes/Fire                   3
   e - Sticky Flame                   Conjuration/Fire             4
   f - Fireball                       Conjuration/Fire             5
Comestibles
 c - 4 bread rations
 q - 2 chunks of flesh


   Skills:
 + Level 0.1 Fighting
 + Level 3.0 Dodging
 + Level 3.4 Stealth
 + Level 6.3 Spellcasting
 + Level 3.9 Conjurations
 + Level 5.8 Fire Magic


You couldn't memorise any spells.
You knew the following spells:

 Your Spells              Type           Power        Failure   Level  Hunger
a - Flame Tongue          Conj/Fire      ####.        1%          1    None
b - Throw Flame           Conj/Fire      ####..       1%          2    None
c - Conjure Flame         Conj/Fire      ####....     3%          3    #......
d - Inner Flame           Hex/Fire       ###.....     10%         3    #......
e - Sticky Flame          Conj/Fire      ####....     12%         4    ###....
f - Fireball              Conj/Fire      ####......   34%         5    #####..


Dungeon Overview and Level Annotations

Branches:
Dungeon (5/15)             Temple (0/1) D:4

Altars:
Nemelex Xobeh
Okawaru
Vehumet


Message History

The worker ant bites you.
* * * LOW HITPOINT WARNING * * *
Okay, then.
There is an open door here.
The worker ant barely misses you.
There is a stone staircase leading down here.
You can't go up here!
The worker ant closely misses you.
You climb downwards.
Found 17 gold pieces and 25 stones.
There is a stone staircase leading up here.
Casting: Flame Tongue
Confirm with . or Enter, or press ? or * to list all spells.
Aiming: Flame Tongue
Press: ? - help, Shift-Dir - straight line, f - worker ant
Aim: a worker ant The flame tongue hits the worker ant.
The worker ant is almost dead.
The worker ant barely misses you. The worker ant bites you.
You die...

####### #.(...#
#.....###
+........
#######.....###
.......@...$...
.....$.a.....##
#######..#+#.#
#..# ####


You could see a worker ant.

Vanquished Creatures
  The ghost of Keye the Sneak, an amateur OpFi (D:3)
  A scorpion (D:4)
  2 orc wizards (D:3)
  3 orc priests (D:3)
  Jessica (D:3)
  4 worker ants (D:4)
  A hound skeleton (D:4)
  3 adders
  An ooze (D:1)
  4 worms
  3 dart slugs
  4 leopard geckos
  7 orcs
  9 giant cockroaches
  7 goblins
  7 hobgoblins
  4 kobolds
  7 bats
  4 frilled lizards
  4 rats
77 creatures vanquished.

Notes
Turn   | Place    | Note
-------+----------+-------------------------------------------
     0 | D:1      | McKennaii the Deep Elf Fire Elementalist began the quest for the Orb.
     0 | D:1      | Reached XP level 1. HP: 10/10 MP: 6/6
    34 | D:1      | Reached XP level 2. HP: 15/15 MP: 1/8
   704 | D:2      | Reached XP level 3. HP: 9/19 MP: 2/9
   765 | D:2      | Learned a level 2 spell: Throw Flame
   769 | D:2      | Learned a level 3 spell: Conjure Flame
  1278 | D:2      | Reached skill level 4 in Spellcasting
  1437 | D:2      | Found a radiant altar of Vehumet.
  1638 | D:2      | Became a worshipper of Vehumet
  1666 | D:3      | Noticed Keye's ghost (amateur OpFi)
  1672 | D:3      | Killed Keye's ghost
  1672 | D:3      | Reached XP level 4. HP: 24/24 MP: 2/12
  1672 | D:3      | Reached XP level 5. HP: 28/28 MP: 2/14
  1857 | D:3      | You fall through a shaft!
  1866 | D:4      | Reached skill level 5 in Spellcasting
  1866 | D:4      | Reached skill level 5 in Fire Magic
  1889 | D:4      | Found a staircase to the Ecumenical Temple.
  1926 | D:4      | Reached XP level 6. HP: 24/32 MP: 8/15
  2222 | D:3      | Reached * piety under Vehumet
  2222 | D:3      | Offered knowledge of Freeze by Vehumet.
  2339 | D:3      | Learned a level 3 spell: Inner Flame
  2346 | D:3      | Learned a level 4 spell: Sticky Flame
  2362 | D:3      | Reached skill level 6 in Spellcasting
  2458 | D:3      | Noticed Jessica
  2464 | D:3      | Killed Jessica
  2464 | D:3      | Reached XP level 7. HP: 35/36 MP: 13/18
  2572 | D:3      | Found a sparkling altar of Nemelex Xobeh.
  2648 | D:3      | Learned a level 5 spell: Fireball
  2745 | D:4      | Found an iron altar of Okawaru.
  2915 | D:5      | Entered Level 5 of the Dungeon
  2916 | D:5      | Slain by a worker ant

Skill      XL: |  1  2  3  4  5  6 |
---------------+-------------------+-----
Fire Magic     | 4 5 |  5.8
Spellcasting   | 4 5 6 |  6.3
Stealth        | 3 |  3.4
Conjurations   | 2 3 |  3.9
Dodging        | 3 |  3.0
Fighting       | |  0.1

Action                   |  1- 3 |  4- 6 |  7- 9 || total
-------------------------+-------+-------+-------++-------
 Cast: Flame Tongue      |    76 |    46 |    18 ||   140
       Conjure Flame     |     1 |     1 |       ||     2
       Throw Flame       |       |     9 |     5 ||    14
  Eat: Chunk             |     2 |     3 |     1 ||     6
Armor: Robe              |    12 |     1 |     1 ||    14
Dodge: Dodged            |    15 |     5 |     6 ||    26
